Map: [ESL] Oceanborn

Players

ForJumy

  • Race: Protoss Protoss
  • Spawn Location: 11:00

Wayne - Winner!

  • Race: Zerg Zerg
  • Spawn Location: 5:00

Event: ESL SC2 Masters 2023 Winter (Regional)

VOD

Have the link to the VOD?

Description

Time

  • Played on: Nov. 4, 2023, 11:52 a.m.
  • Length: 12:01

All games in this series

Show
View Real Time Build Order
Export as new Build Order

ForJumy Protoss 

Build Orders: 1 Gate Expand, Oracle Opening 

Get SALT Encoding   

  12  0:00  Probe  
  13  0:12  Probe  
  14  0:18  Pylon  
  14  0:24  Probe  
  15  0:36  Probe (Chrono Boost)  
  15  0:40  Gateway  
  16  0:46  Probe (Chrono Boost)  
  16  0:49  Assimilator  
  17  0:51  Probe (Chrono Boost)  
  18  1:03  Probe  
  19  1:15  Probe  
  20  1:27  Nexus  
  20  1:37  Cybernetics Core  
  20  1:40  Probe  
  20  1:46  Assimilator  
  21  1:52  Probe  
  22  1:56  Pylon  
  22  2:05  Probe  
  23  2:11  Stalker (Chrono Boost)  
  23  2:14  Warp Gate  
  25  2:17  Probe  
  26  2:29  Probe (Chrono Boost)  
  27  2:32  Stargate  
  27  2:36  Adept  
  29  2:39  Probe (Chrono Boost)  
  31  2:44  Probe (Chrono Boost)  
  31  2:49  Probe (Chrono Boost)  
  31  2:50  Probe (Chrono Boost)  
  33  2:54  Probe (Chrono Boost)  
  34  2:58  Probe  
  35  3:06  Probe  
  35  3:11  Adept, Probe  
  39  3:12  Oracle (Chrono Boost)  
  39  3:18  Gateway  
  42  3:20  Probe  
  42  3:23  Probe  
  44  3:31  Pylon  
  44  3:32  Probe  
  45  3:36  Probe  
  46  3:48  Oracle (Chrono Boost)  
  46  3:49  Probe x2  
  51  4:00  Pylon  
  51  4:01  Probe x2  
  53  4:08  Pylon  
  53  4:13  Probe  
  54  4:20  Adept x2  
  54  4:21  Oracle  
  61  4:28  Nexus  
  61  4:31  Shield Battery  
  61  4:32  Probe  
  61  4:34  Probe, Pylon  
  63  4:41  Pylon  
  63  4:43  Assimilator  
  63  4:45  Probe  
  64  4:46  Assimilator  
  64  4:48  Probe  
  65  4:53  Twilight Council  
  65  4:57  Probe  
  63  5:00  Probe  
  63  5:03  Forge  
  64  5:09  Probe  
  64  5:12  Gateway x2, Probe  
  66  5:21  Probe  
  66  5:24  Probe  
  66  5:28  Adept  
  67  5:33  Blink  
  67  5:35  Probe (Chrono Boost)  
  68  5:36  Probe (Chrono Boost)  
  68  5:40  Protoss Ground Weapons Level 1, Probe (Chrono Boost)  
  68  5:41  Pylon  
  70  5:42  Robotics Facility  
  70  5:48  Probe (Chrono Boost)  
  73  5:50  Probe x2 (Chrono Boost)  
  73  5:53  Probe (Chrono Boost)  
  73  5:55  Oracle (Chrono Boost), Probe (Chrono Boost)  
  74  5:57  Stalker x2, Probe  
  74  6:02  Probe  
  81  6:07  Adept, Probe  
  81  6:09  Gateway  
  79  6:17  Probe  
  79  6:18  Probe  
  81  6:19  Probe  
  82  6:29  Probe  
  82  6:30  Probe, Robotics Bay  
  84  6:34  Robotics Facility  
  84  6:38  Robotics Facility, Probe  
  85  6:42  Probe  
  85  6:44  Probe  
  85  6:45  Gateway, Assimilator x2  
  85  6:46  Gateway  
  87  6:50  Probe  
  87  6:52  Stalker x3  
  94  6:59  Warp Prism (Chrono Boost)  
  96  7:05  Probe x2  
  96  7:07  Pylon  
  98  7:10  Probe  
  98  7:12  Pylon x2  
  99  7:20  Extended Thermal Lance (Chrono Boost)  
  99  7:28  Colossus (Chrono Boost)  
  105  7:37  Colossus (Chrono Boost)  
  105  7:43  Protoss Ground Weapons Level 2  
  111  7:45  Stalker  
  111  7:46  Zealot x5  
  123  7:54  Stalker  
  125  8:12  Colossus (Chrono Boost)  
  131  8:17  Stalker  
  131  8:19  Pylon x2  
  133  8:21  Pylon  
  133  8:22  Pylon  
  131  8:27  Stalker x2  
  131  8:30  Charge  
  119  8:35  Zealot  
  109  8:42  Stalker x4, Colossus (Chrono Boost)  
  107  8:50  Stalker x2  
  97  8:57  Probe  
  97  9:02  Stalker  
  97  9:03  Colossus (Chrono Boost)  
  97  9:11  Stalker x2  
  97  9:17  Shield Battery  
  97  9:21  Nexus  
  97  9:31  Photon Cannon  
  97  9:32  Shield Battery  
  97  9:38  Stalker x2  
  105  9:42  Disruptor (Chrono Boost)  
  105  9:50  Disruptor  
  109  9:57  Stalker x3  
  115  10:14  Fleet Beacon  
  115  10:27  Immortal x2 (Chrono Boost)  
  120  10:57  Disruptor (Chrono Boost)  
  120  11:00  Observer (Chrono Boost)  
  130  11:31  Warp Prism (Chrono Boost)  
  136  11:33  Nexus, Stalker x3  
  128  11:42  Zealot  
  128  11:43  Zealot x3  
  88  11:57  Stalker x3  
Show
View Real Time Build Order
Export as new Build Order

Wayne Zerg - Winner!

Build Orders: Hatch First, Roach Hydra 

Get SALT Encoding   

  12  0:00  Drone  
  13  0:13  Overlord  
  13  0:16  Drone  
  14  0:31  Drone x2  
  16  0:48  Hatchery  
  15  0:51  Drone  
  15  0:55  Drone  
  17  0:58  Drone  
  18  1:09  Extractor  
  17  1:13  Spawning Pool  
  17  1:17  Drone  
  17  1:20  Drone  
  18  1:29  Drone  
  19  1:39  Drone  
  20  1:50  Overlord  
  20  1:59  Queen  
  20  2:00  Zergling x2, Queen  
  20  2:01  Zergling x2  
  26  2:12  Drone  
  26  2:13  Drone  
  26  2:14  Metabolic Boost  
  29  2:22  Drone  
  29  2:23  Drone  
  30  2:35  Hatchery  
  29  2:38  Drone  
  29  2:39  Drone  
  31  2:46  Queen  
  31  2:50  Overlord  
  33  2:55  Drone x2  
  33  2:57  Drone  
  36  3:05  Overlord  
  36  3:10  Drone  
  36  3:11  Queen  
  39  3:13  Drone  
  39  3:14  Drone  
  39  3:17  Drone  
  42  3:20  Drone  
  42  3:21  Drone  
  44  3:28  Queen  
  46  3:38  Drone x5  
  51  3:47  Queen  
  53  3:55  Roach Warren  
  52  3:57  Drone x2  
  52  3:58  Spore Crawler, Overlord  
  53  4:03  Overlord  
  53  4:06  Zergling x8  
  57  4:14  Zergling x2  
  57  4:15  Overlord x2  
  58  4:20  Zergling x6  
  61  4:25  Spore Crawler  
  61  4:30  Zergling x10  
  65  4:35  Zergling x2  
  66  4:46  Roach x3  
  66  4:51  Spore Crawler  
  70  4:54  Drone x4  
  71  5:01  Drone x7  
  71  5:04  Drone  
  71  5:06  Evolution Chamber  
  78  5:15  Overlord  
  77  5:21  Hatchery  
  77  5:22  Overlord  
  77  5:24  Drone x5  
  77  5:26  Drone  
  77  5:27  Drone  
  81  5:31  Lair  
  81  5:32  Drone  
  81  5:33  Extractor  
  81  5:37  Ravager x3  
  81  5:38  Drone x3  
  81  5:40  Drone  
  81  5:41  Drone  
  89  5:44  Extractor  
  89  5:45  Extractor  
  89  5:48  Overlord  
  87  5:50  Extractor  
  87  5:52  Drone x5  
  87  5:56  Drone x4  
  95  6:00  Overlord  
  95  6:01  Drone  
  95  6:02  Drone  
  97  6:05  Drone x3  
  97  6:06  Drone  
  97  6:08  Zerg Missile Weapons Level 1  
  95  6:11  Drone x2  
  96  6:18  Extractor  
  96  6:19  Overlord  
  96  6:21  Roach  
  96  6:22  Roach x3  
  99  6:30  Hydralisk Den  
  98  6:35  Drone x4, Overseer  
  98  6:37  Glial Reconstitution  
  102  6:41  Overlord  
  102  6:43  Zergling x14  
  109  6:56  Overlord  
  109  7:01  Spore Crawler  
  109  7:03  Drone  
  109  7:07  Grooved Spines  
  109  7:14  Hydralisk x10  
  129  7:17  Overlord  
  129  7:21  Overlord  
  129  7:23  Hydralisk x3  
  129  7:25  Overlord  
  135  7:30  Hydralisk x2  
  135  7:31  Roach  
  135  7:32  Zergling x12  
  147  7:38  Overlord  
  147  7:39  Extractor, Drone x2  
  147  7:40  Drone x2, Overseer  
  147  7:43  Roach x2  
  154  7:51  Overlord  
  154  7:54  Roach x5  
  154  7:58  Muscular Augments  
  164  8:03  Roach x5  
  164  8:04  Zerg Missile Weapons Level 2  
  174  8:07  Zergling x2  
  174  8:10  Infestation Pit  
  174  8:12  Zergling x10  
  179  8:16  Zergling x10  
  183  8:21  Overlord  
  183  8:27  Roach x4  
  160  8:44  Roach x7  
  160  8:45  Roach x5  
  166  8:49  Hive  
  162  9:02  Roach x10  
  169  9:15  Roach  
  169  9:16  Roach x9  
  183  9:23  Zergling x4  
  185  9:26  Overseer  
  185  9:29  Zergling x2  
  185  9:30  Zergling x2  
  187  9:34  Drone x2  
  187  9:36  Extractor  
  188  9:47  Roach  
  188  9:49  Hatchery  
  186  10:01  Viper  
  186  10:02  Viper x2  
  186  10:05  Hydralisk x3  
  192  10:11  Lurker Den  
  192  10:12  Overlord  
  191  10:16  Spine Crawler  
  191  10:18  Spine Crawler  
  191  10:19  Viper  
  191  10:20  Spine Crawler  
  191  10:27  Overlord  
  182  10:31  Drone x4  
  182  10:32  Drone x2  
  188  10:42  Hydralisk  
  188  10:43  Hydralisk x4  
  198  10:57  Extractor  
  198  11:01  Extractor  
  196  11:17  Hydralisk  
  198  11:32  Drone  
  199  11:33  Spine Crawler  
  198  11:41  Spine Crawler x2  
  198  11:42  Spine Crawler  
  198  11:43  Spore Crawler, Spine Crawler  
Tags
 
Add a new tag
Caveats
  • Supply blocks, unpowered buildings, or Contaminate may cause inaccurate times.
  • Supply counts are checked every 10 seconds.